 Dungeon Crawl Stone Soup version 0.26-a0-771-g060e6a62af (webtiles) character file.

Game seed: 14085347343528464780

222 Conn the Firebug (level 5, -1/32 HPs)
             Began as an Octopode Fire Elementalist on Nov 8, 2020.
             Slain by an orc priest
             ... wielding a +0 hand axe
              (2 damage)
             ... on level 4 of the Dungeon.
             The game lasted 00:08:36 (4090 turns).

Conn the Firebug (Octopode Fire Elementalist)       Turns: 4090, Time: 00:08:37

Health: -1/32      AC:  1    Str:  5 (7)  XL:     5   Next: 99%
Magic:  8/10       EV: 13    Int: 16 (19) God:
Gold:   159        SH:  0    Dex:  9 (12) Spells: 9/10 levels left

rFire    . . .     SeeInvis .   f - +3 dagger
rCold    . . .     Faith    .   (no shield)
rNeg     . . .     Spirit   .   (helmet restricted)
rPois    .         Reflect  .   (no amulet)
rElec    .         Harm     .   b - ring of protection from magic
rCorr    .         Rampage  .   (no ring)
MR       +....                  (no ring)
Stlth    +++.......             (no ring)
HPRegen  0.10/turn              (no ring)
MPRegen  0.12/turn              (no ring)
                                (no ring)
                                (no ring)

@: mighty, flying
A: almost no armour, stealthy swim, amphibious, 8 rings, constrict 8, camouflage
1, gelatinous body 1
a: no special abilities


You were on level 4 of the Dungeon.
You visited 1 branch of the dungeon, and saw 4 of its levels.

You collected 159 gold pieces.

Inventory:

Hand Weapons
 a - a +0 short sword
 f - a +3 dagger (weapon)
Missiles
 k - 15 poisoned darts (quivered)
Jewellery
 b - a ring of protection from magic (left tentacle)
Scrolls
 c - a scroll of teleportation {unknown}
 d - a scroll of remove curse
 j - a scroll of magic mapping
 l - a scroll of blinking {unknown}
 m - a scroll of identify {unknown}


   Skills:
 + Level 0.5 Fighting
 + Level 0.3 Short Blades
 + Level 2.2 Dodging
 + Level 4.1 Stealth
 + Level 3.3 Spellcasting
 + Level 1.8 Conjurations
 + Level 4.5 Fire Magic


You had 9 spell levels left.
You knew the following spells:

 Your Spells              Type           Power        Failure   Level
a - Foxfire               Conj/Fire      ##..         4%          1

Your spell library contained the following spells:

 Spells                   Type           Power        Failure   Level
 Conjure Flame            Conj/Fire      ##......     14%         3
 Sandblast                Erth           #.....       19%         1
 Inner Flame              Hex/Fire       #.......     22%         3
 Passwall                 Tmut/Erth      #.......     26%         2
 Stone Arrow              Conj/Erth      #.....       36%         3
 Sticky Flame             Conj/Fire      ##......     43%         4
 Confusing Touch          Hex            #.......     47%         3
 Gell's Gravitas          Tloc           #.........   47%         3
 Fireball                 Conj/Fire      ##........   80%         5
 Petrify                  Tmut/Erth      #.......     87%         4
 Lee's Rapid Deconstruct  Erth           #.........   99%         5
 Metabolic Englaciation   Hex/Ice        #.........   99%         5
 Yara's Violent Unravell  Hex/Tmut       #.........   99%         5


Dungeon Overview and Level Annotations

Branches:
Dungeon (4/15)
 Temple: D:4-7

Altars:
Fedhas
Okawaru


Innate Abilities, Weirdness & Mutations

You cannot wear most types of armour.
You are very stealthy in the water. (Stealth+)
You are amphibious.
You can wear up to eight rings at the same time.
You can use your tentacles to constrict eight enemies at once.
Your skin changes colour to match your surroundings (Stealth+).
Your rubbery body absorbs attacks. (AC +1, EV +1)


Message History

You constrict the orc, but do no damage.
The orc barely misses you. The orc hits you but does no damage.
You hit the orc.
You kill the orc!
The orc priest miscasts a cantrip.
You aren't carrying any potions.
As you read the scroll labeled ICEQYH NUKHEUPN, it crumbles to dust.
You feel blessed for a moment.
It was a scroll of remove curse.
The orc barely misses you.
You aren't carrying any potions.
As you read the scroll labeled FILAOWKATU, it crumbles to dust.
You feel aware of your surroundings.
You sensed 1 shop/portal.
It was a scroll of magic mapping.
The orc priest hits you with a +0 hand axe.
* * * LOW HITPOINT WARNING * * *
As you read the scroll labeled DIEHOM ESCHOYNATI, it crumbles to dust.
The scroll dissolves into smoke.
It was a scroll of fog.
The orc barely misses you.
The orc priest hits you with a +0 hand axe.
You die...

**### *,(.# # *.#.# ## *.#§#
******* .#####
##.#§####...,,******* )....#
#..#@o§...#**,,,,*,,* ####.####
#.##o###...#****,,,8,
#....#####.#§o# *,*,# ****<*
####.#####..#..[.##*,*,*****,8,∩,
.....# ##.....#..#*,*,,,,,,,,*,*
....#####....)###..#,********,<8*
..#.###......## *#.#,,** ***,*
..#.)...#..### *..#,,* *,*
..###.....## *#..#,* *,*


You could see an orc priest and 2 orcs.

Vanquished Creatures
  An orc priest (D:4)
  An iguana (D:2)
  A worker ant (D:4)
  3 adders
  A gnoll (D:1)
  A shadow imp (D:4)
  3 oozes
  4 worms (D:2)
  2 dart slugs
  2 leopard geckos
  4 orcs (D:4)
  3 bats (D:1)
  2 giant cockroaches
  8 hobgoblins
  4 jackals (D:1)
  2 quokkas
  5 frilled lizards
  6 goblins
  11 kobolds
  A quokka skeleton (D:4)
  6 rats
71 creatures vanquished.

Vanquished Creatures (others)
  213 foxfires
213 creatures vanquished.

Grand Total: 284 creatures vanquished

Notes
Turn   | Place    | Note
-------+----------+-------------------------------------------
     0 | D:1      | Conn the Octopode Fire Elementalist began the quest for the
                  | Orb.
     0 | D:1      | Reached XP level 1. HP: 11/11 MP: 3/3
   707 | D:1      | Reached XP level 2. HP: 17/17 MP: 0/5
  1186 | D:1      | Found an iron altar of Okawaru.
  1273 | D:1      | Reached XP level 3. HP: 2/21 MP: 4/6
  2333 | D:2      | Reached XP level 4. HP: 27/27 MP: 2/7
  3185 | D:3      | Reached XP level 5. HP: 32/32 MP: 9/9
  3318 | D:3      | Found a blossoming altar of Fedhas.
  4080 | D:4      | HP: 1/32 [orc priest/divine providence (10)]
  4085 | D:4      | HP: 1/32 [orc/+0 falchion (6)]
  4090 | D:4      | Slain by an orc priest

Illustrated notes

Levels and vault maps discovered:
D:1:      elethiomel_arrival_quiet, layout_loops_corners,
          okawaru_ov_weapons_minmay
D:2:      lemuel_upstairs_altar, layout_basic, st_stairs_14
D:3:      layout_loops_cross, fedhas_altar_2, uniq_natasha
D:4:      minmay_inner_zag, layout_rooms, serial_shops,
          nicolae_shop_statue_plus, uniq_pikel, uniq_sigmund

Skill      XL: |  1  2  3  4  5 |
---------------+----------------+-----
Stealth        | 3 4 |  4.1
Spellcasting   | 3 |  3.3
Fire Magic     | 4 |  4.5
Fighting       | |  0.5
Short Blades   | |  0.3
Dodging        | |  2.2
Conjurations   | |  1.8

Action                   |  1- 3 |  4- 6 || total
-------------------------+-------+-------++-------
Melee: Short sword       |    17 |       ||    17
       Constrict         |     6 |     6 ||    12
       Tentacles         |     4 |     3 ||     7
       Dagger            |       |    25 ||    25
 Cast: Foxfire           |    59 |    57 ||   116
  Use: Potion            |     1 |     6 ||     7
       Scroll            |       |     3 ||     3
 Stab: Sleeping          |     2 |     3 ||     5
Armor: Skin              |     2 |     2 ||     4
Dodge: Dodged            |    20 |    25 ||    45

Table legend: (Time is in decaauts)
 A = Elapsed time spent in this place.
 B = Non-inter-level travel time spent in this place.
 C = Inter-level travel time spent in this place.
 D = Time resting spent in this place.
 E = Time spent auto-exploring this place.
 F = Levels seen in this place.
 G = Mean time per level.
                   A        B        C        D        E       F      G
               +--------+--------+--------+--------+--------+-----+--------+
         Total |   4099 |   4099 |      0 |    994 |   2141 |   4 | 1024.8 |
       Dungeon |   4099 |   4099 |      0 |    994 |   2141 |   4 | 1024.8 |
               +--------+--------+--------+--------+--------+-----+--------+

Top non-repeatable levels by time:
     D:1: 1977 daAuts
     D:2: 1330 daAuts
     D:4: 456 daAuts
     D:3: 335 daAuts
